AoeStats
← Esglm

Northern Isles

510570164Analyzed
1v1 RM · 1d ago on Oct 1, 2026· 44m 10s· 2 players
Game mode
Random Map
Map size
Tiny (2 player)
Population
200
Speed
Normal
Resources
Standard
Victory
Conquest
Starting age
Dark Age
Ending age
Imperial Age
RankedLock teamsTeams togetherTeam positionsShared explorationLock speedFull tech treeHidden civsTurbo modeCheats
Victory
Defeat
🇳🇱 Poles · Netherlands
869
+16
🇹🇷 Vikings · Türkiye
873
-16
barscott
2:13 Loom
10:46 Feudal Age
11:13 Double-Bit Axe
11:42 Fishing Lines
14:08 Wheelbarrow
19:59 Castle Age
18:24 Horse Collar
19:37 Bloodlines
19:34 Scale Barding Armor
19:40 Forging
21:04 Bow Saw
20:46 Gold Mining
22:24 Chain Barding Armor
29:11 Hand Cart
29:38 Gillnets
31:12 Szlachta Privileges
33:54 Heavy Plow
34:46 Ballistics
37:05 Imperial Age
35:51 Iron Casting
35:38 Fletching
36:33 Scale Mail Armor
37:57 Cavalier
39:43 Blast Furnace
39:02 Masonry
42:20 Chain Mail Armor
44:08 Chemistry
43:20 Elite Obuch
Esglm
2:35 Loom
10:29 Feudal Age
10:55 Double-Bit Axe
18:54 Castle Age
19:16 Fletching
19:26 Padded Archer Armor
19:12 Crossbowman
19:46 Pikeman
20:56 Bodkin Arrow
29:29 Scale Mail Armor
34:15 Imperial Age
38:00 Elite Skirmisher
40:39 Fishing Lines
42:51 Gillnets
42:36 Cavalier
44:18 Murder Holes
44:04 Treadmill Crane
Connection lost

Rejoining the realm…

Still unreachable

The connection could not be restored.

Session expired

The server has moved on; the page needs a fresh start.